 Dungeon Crawl Stone Soup version 0.20.1-1-g8b1a95d (webtiles) character file.

60 Lanoc the Shield-Bearer (level 4, 0/24 HPs)
             Began as a Vine Stalker Fighter on Nov 23, 2017.
             Was an Initiate of Nemelex Xobeh.
             Slain by a hellwing (4 damage)
             ... summoned by the player character
             ... on level 3 of the Dungeon.
             The game lasted 00:09:43 (1481 turns).

Lanoc the Shield-Bearer (Vine Stalker Fighter)      Turns: 1481, Time: 00:09:44

Health: 0/24       AC:  7    Str: 19    XL:     4   Next: 6%
Magic:  0/5        EV:  7    Int:  8    God:    Nemelex Xobeh [......]
Gold:   76         SH:  9    Dex: 14    Spells: 3/3 levels left

rFire    + . .     SeeInvis .   a - +0 trident
rCold    . . .     Gourm    .   c - +0 shield
rNeg     . . .     Faith    .   b - +0 scale mail
rPois    .         Spirit   +   q - +0 helmet
rElec    .         Reflect  .   (no cloak)
rCorr    .         Harm     .   (no gloves)
MR       .....                  (no boots)
Stlth    ..........             (no amulet)
Regen    0.5/turn               n - ring of protection from fire
MPRegen  0.1/turn               t - ring of wizardry

@: flying
A: fangs 2, regeneration 1, magic shield, antimagic bite, no potion heal 3, rot
immunity
a: Renounce Religion


You were on level 3 of the Dungeon.
You worshipped Nemelex Xobeh.
Nemelex Xobeh was noncommittal.
You were not hungry.

You visited 1 branch of the dungeon, and saw 3 of its levels.

You collected 76 gold pieces.

Inventory:

Hand Weapons
 a - a +0 trident (weapon)
 u - a +0 trident
Armour
 b - a +0 scale mail (worn)
 c - a +0 shield (worn)
 q - a +0 helmet (worn)
Jewellery
 n - a ring of protection from fire (left hand)
 t - a ring of wizardry (right hand)
Scrolls
 h - 4 scrolls of identify {unknown}
 j - a scroll of fog {unknown}
 k - a scroll of random uselessness {unknown}
 l - a scroll of enchant armour {unknown}
Potions
 d - a potion of might
 e - 2 potions of curing
 g - a potion of lignification {unknown}
 m - 2 potions of flight
 o - a potion of agility {unknown}
 p - a potion of experience {unknown}
 s - a potion of berserk rage {unknown}
 v - a potion of heal wounds {unknown}
Miscellaneous
 r - a plain deck of summoning {drawn: 2}
Comestibles
 f - 3 bread rations
 i - a meat ration
 w - a chunk of flesh


   Skills:
 + Level 3.1 Fighting
 + Level 2.1 Polearms
 + Level 2.9 Armour
 + Level 0.4 Dodging
 + Level 3.2 Shields


You had 3 spell levels left.
You didn't know any spells.

Dungeon Overview and Level Annotations

Branches:
Dungeon (3/15)

Altars:
Cheibriados
Gozag
Hepliaklqana
Nemelex Xobeh


Innate Abilities, Weirdness & Mutations

You have extremely sharp teeth.
Your natural rate of healing is unusually fast.
When hurt, damage is shared between your health and your magic reserves.
Your bite disrupts and absorbs the magic of your enemies.
Potions cannot restore your health.
You are immune to rotting.


Message History

The quokka bites you but does no damage.
Your hell hound bites the bat.
The bat dies!
Your hell hound misses the adder.
You completely miss the quokka. You block the quokka's attack.
The adder bites your hell hound but does no damage.
Your hell hound bites the adder!
The adder dies!
You have reached level 4!
You feel agile.
You begin to heal more quickly.
The hellwing hits you!
* * * LOW HITPOINT WARNING * * *
The hellwing hits you but does no damage.
The quokka barely misses you.
Your hell hound completely misses the quokka.
The hellwing swoops through the air toward you!
The hellwing hits you.
You die...
Your body disappears without a glow.

######## ######
#......#########....#####
#......>..4....†.........
#.....÷....@rh.†.[.......
##......##.....##....####
#.......##...#.......#
#....)..######......(#
#....[)...# #.......#
##......#.## #.......#
##....[..<# #........
#.#####.## #......... #..
...# #..........


You could see a hellwing, a quokka and a friendly hell hound.

Vanquished Creatures
  An ooze (D:2)
  2 dart slugs
  4 leopard geckos
  2 orcs (D:3)
  2 ball pythons (D:1)
  4 bats (D:1)
  A giant cockroach (D:3)
  3 goblins (D:1)
  6 jackals
  A quokka (D:1)
  5 kobolds
  3 rats
34 creatures vanquished.

Vanquished Creatures (collateral kills)
  An adder (D:3)
  A worm (D:3)
  An orc (D:3)
  A bat (D:3)
4 creatures vanquished.

Grand Total: 38 creatures vanquished

Notes
Turn   | Place    | Note
-------+----------+-------------------------------------------
     0 | D:1      | Lanoc the Vine Stalker Fighter began the quest for the Orb.
     0 | D:1      | Reached XP level 1. HP: 11/11 MP: 2/2
   213 | D:1      | Reached XP level 2. HP: 9/16 MP: 3/3
   800 | D:2      | Reached XP level 3. HP: 20/20 MP: 4/4
   932 | D:2      | Found a snail-covered altar of Cheibriados.
   934 | D:2      | Found a sparkling altar of Nemelex Xobeh.
   935 | D:2      | Found a hazy altar of Hepliaklqana.
   938 | D:2      | Found an opulent altar of Gozag.
   963 | D:2      | Became a worshipper of Nemelex Xobeh the Trickster
   988 | D:2      | Received a gift from Nemelex Xobeh
  1476 | D:3      | Noticed a hellwing
  1479 | D:3      | Gained mutation: Your natural rate of healing is unusually fast. [Vine Stalker growth]
  1479 | D:3      | Reached XP level 4. HP: 11/24 MP: 3/5
  1481 | D:3      | Slain by a hellwing

Skill      XL: |  1  2 |
---------------+-------+-----
Shields        | 3 |  3.2
Fighting       | 3 |  3.1
Polearms       | 2 |  2.1
Armour         | |  2.9
Dodging        | |  0.4

Action                   |  1- 3 |  4- 6 || total
-------------------------+-------+-------++-------
Melee: Trident           |   118 |       ||   118
       Bite              |    24 |       ||    24
Evoke: Deck              |     2 |       ||     2
  Use: Potion            |     2 |       ||     2
  Eat: Chunk             |     2 |       ||     2
Armor: Scale mail        |    70 |     1 ||    71
Dodge: Dodged            |    44 |     1 ||    45
Block: Shield            |    91 |       ||    91
